 Dungeon Crawl Stone Soup version 0.19.5 (webtiles) character file.

322 Gargoyl the Skirmisher (level 6, -3/52 HPs)
             Began as a Ghoul Abyssal Knight on Mar 3, 2017.
             Was a Believer of Lugonu.
             Slain by a crocodile (13 damage)
             ... in a sewer.
             The game lasted 00:09:35 (3472 turns).

Gargoyl the Skirmisher (Ghoul Abyssal Knight)       Turns: 3472, Time: 00:09:36

Health: -3/52      AC: 11    Str: 16    XL:     6   Next: 47%
Magic:  7/7        EV: 15    Int:  9    God:    Lugonu [**....]
Gold:   100        SH:  0    Dex: 15    Spells: 0 memorised, 5 levels left

rFire  . . .     SeeInvis .     e - +0 long sword of Conformity {freeze, MR+ Int+2}
rCold  + . .     Gourm    .     j - +0 scale mail
rNeg   + + +     Faith    .     (no shield)
rPois  ∞         Spirit   .     k - +0 helmet
rElec  .         Reflect  .     m - +0 cloak
rCorr  .         Harm     .     b - +0 pair of gloves
MR     +....                    f - +0 pair of boots
Stlth  +.........               (no amulet)
                                (no ring)
                                (no ring)

@: agile, rotting
A: rotting body, claws 1, carnivore 3, cold resistance 1, negative energy
resistance 3, slow regeneration 1, torment resistance, unbreathing
a: Depart the Abyss, Bend Space, Renounce Religion


You were in a sewer.
You worshipped Lugonu.
Lugonu was pleased with you.
You were not hungry.

You visited 1 branch of the dungeon, and saw 4 of its levels.
You visited the Abyss 1 time.
You also visited: Sewer.

You collected 100 gold pieces.

Inventory:

Hand Weapons
 a - a +1 hand axe
 e - the +0 long sword of Conformity (weapon) {freeze, MR+ Int+2}
   (You found it on level 4 of the Abyss)

   It has been specially enchanted to freeze those struck by it, causing extra
   injury to most foes and up to half again as much damage against particularly
   susceptible opponents.
   It can also slow down cold-blooded creatures.
   It affects your intelligence (+2).
   It affects your resistance to hostile enchantments.
 o - a +0 war axe
Armour
 b - a +0 pair of gloves (worn)
 f - a +0 pair of boots (worn)
 j - a +0 scale mail (worn)
 k - a +0 helmet (worn)
 m - a +0 cloak (worn)
Wands
 l - a wand of flame (13/48)
Scrolls
 g - 6 scrolls of identify
 q - a scroll of magic mapping
Potions
 h - a potion of resistance {unknown}
 i - a potion of agility
 n - a potion of cancellation
 p - a potion of heal wounds {unknown}
 r - a potion of might {unknown}
 s - a potion of degeneration {unknown}
Comestibles
 c - 3 meat rations
 d - 7 chunks of flesh


   Skills:
 + Level 4.1 Fighting
 + Level 2.4 Long Blades
 + Level 2.1 Axes
 * Level 3.9 Armour
 + Level 1.4 Dodging
 * Level 3.3 Invocations
 + Level 0.3 Evocations


You had 5 spell levels left.
You didn't know any spells.

Dungeon Overview and Level Annotations

Branches:
Dungeon (4/15)
 Temple: D:4-7

Altars:
Ashenzari
Sif Muna
Xom


Innate Abilities, Weirdness & Mutations

Your body is rotting away.
You thrive on raw meat.
You are immune to poison.
You have sharp fingernails.
You are carnivorous and can eat meat at any time.
Your flesh is cold resistant. (rC+)
You are immune to negative energy. (rN+++)
You regenerate slowly when monsters are visible.
You are immune to unholy pain and torment.
You can survive without breathing.


Message History

The crocodile is moderately wounded.
The crocodile bites you.
You hit the crocodile.
The crocodile seems to slow down.
You freeze the crocodile.
The crocodile is heavily wounded.
The crocodile bites you.
You closely miss the crocodile.
The crocodile is heavily wounded.
The crocodile is no longer moving slowly.
The crocodile bites you!
* * * LOW HITPOINT WARNING * * *
Okay, then.
Unknown command.
You feel agile all of a sudden.
The crocodile bites you but does no damage.
You slash the crocodile!
The crocodile seems to slow down.
You freeze the crocodile.
The crocodile is almost dead.
The crocodile bites you!
You die...

##...## ##.## #.#
#.# ###### #.#
#.....# #.# $......
#.#
[$.....####.#######
$$......t@.........
!$.....############
$...... #.....#
######


You could see a crocodile.

Vanquished Creatures
  A hound (D:4)
  4 orc wizards
  A bullfrog skeleton (D:4)
  A worker ant (D:4)
  4 adders
  A shadow imp (D:4)
  2 worms
  3 leopard geckos
  4 orcs (D:4)
  A giant cockroach (D:2)
  7 goblins
  7 hobgoblins
  8 jackals
  5 kobolds
  A ball python (D:3)
  16 bats
  6 frilled lizards
  A leopard gecko skeleton (D:4)
  7 rats
80 creatures vanquished.

Notes
Turn   | Place    | Note
-------+----------+-------------------------------------------
     0 | Abyss:1  | Gargoyl the Ghoul Abyssal Knight began the quest for the Orb.
     0 | Abyss:1  | Reached XP level 1. HP: 19/19 MP: 1/1
    20 | Abyss:1  | Noticed a small abomination
   127 | Abyss:1  | Noticed a starcursed mass
   151 | Abyss:1  | Noticed a bone dragon
   169 | Abyss:1  | Noticed an iron imp
   217 | Abyss:1  | Noticed a small abomination
   222 | Abyss:1  | Noticed a large abomination
   235 | Abyss:2  | Noticed a large abomination
   266 | Abyss:2  | Noticed a neqoxec
   273 | Abyss:3  | Noticed an orange crystal statue
   357 | Abyss:4  | Found a sparkling altar of Nemelex Xobeh.
   364 | Abyss:4  | Noticed a hellion
   365 | Abyss:4  | Got a slimy long sword
   366 | D:1      | Escaped the Abyss
   367 | D:1      | Identified the cursed +0 long sword of Conformity {freeze, MR+ Int+2} (You found it on level 4 of the Abyss)
   848 | D:1      | Reached XP level 2. HP: 18/26 MP: 2/2
   990 | D:1      | Reached * piety under Lugonu
  1202 | D:2      | Reached skill level 1 in Dodging
  1202 | D:2      | Reached XP level 3. HP: 19/30 MP: 3/3
  1349 | D:2      | Found a shattered altar of Ashenzari.
  1655 | D:2      | Reached skill level 1 in Long Blades
  1843 | D:3      | Reached XP level 4. HP: 14/38 MP: 4/4
  2376 | D:3      | Reached ** piety under Lugonu
  2831 | D:3      | Found a deep blue altar of Sif Muna.
  2910 | D:3      | Reached XP level 5. HP: 37/46 MP: 6/6
  3145 | D:4      | Reached XP level 6. HP: 27/51 MP: 7/7
  3193 | D:4      | Found a shimmering altar of Xom.
  3222 | D:4      | Reached skill level 4 in Fighting
  3404 | D:4      | Found a glowing drain.
  3419 | Sewer    | Entered a sewer
  3472 | Sewer    | Slain by a crocodile

Skill      XL: |  1  2  3  4  5  6 |
---------------+-------------------+-----
Armour         | 2 3 |  3.9
Axes           | 2 |  2.1
Dodging        | 1 |  1.4
Long Blades    | 1 2 |  2.4
Invocations    | 3 |  3.3
Fighting       | 4 |  4.1
Evocations     | |  0.3

Action                   |  1- 3 |  4- 6 || total
-------------------------+-------+-------++-------
Melee: Long sword        |   117 |   107 ||   224
       Hand axe          |     2 |       ||     2
       War axe           |       |    32 ||    32
Invok: Depart the Abyss  |     1 |       ||     1
Evoke: Wand              |       |     8 ||     8
  Use: Scroll            |     5 |     5 ||    10
       Potion            |       |     5 ||     5
  Eat: Chunk             |    18 |    13 ||    31
Armor: Scale mail        |    84 |   147 ||   231
       Leather armour    |     1 |       ||     1
Dodge: Dodged            |    75 |   136 ||   211
       Rpst.: Long sword |    20 |    34 ||    54
